 Dungeon Crawl Stone Soup version 0.26-a0-651-gb41185065b (webtiles) character file.

Game seed: 5669889246351727348

20730 Flugslaktarn the Cleaver (level 12, -13/116 HPs)
             Began as a Deep Dwarf Fighter on Oct 6, 2020.
             Was an Elder of Makhleb.
             Hit by a silver javelin thrown by a minotaur (23 damage)
             ... in a Gauntlet.
             The game lasted 00:06:37 (7527 turns).

Flugslaktarn the Cleaver (Deep Dwarf Fighter)       Turns: 7527, Time: 00:06:38

Health: -13/116    AC: 23    Str: 20    XL:     12   Next: 47%
Magic:  6/6        EV: 13    Int: 10    God:    Makhleb [****..]
Gold:   489        SH: 11    Dex: 16    Spells: 11/11 levels left

rFire    + + .     SeeInvis .   E - +4 broad axe (freeze)
rCold    . . .     Faith    +   C - +0 kite shield
rNeg     . . .     Spirit   .   s - +3 plate armour
rPois    .         Reflect  .   g - +0 helmet
rElec    .         Harm     .   G - +1 cloak
rCorr    .         Rampage  .   I - +0 pair of gloves of Purempop {rF+} (curse)
MR       +....     NoTele   +   p - +0 pair of boots (curse)
Stlth    ..........             j - amulet of faith
HPRegen  0.00/turn              v - +4 ring of evasion
MPRegen  0.10/turn              f - ring of protection from fire

@: non-regenerating
A: damage resistance, heal wounds, sense surroundings 2, no regeneration
a: Heal Wounds, Minor Destruction, Lesser Servant of Makhleb, Major Destruction,
Renounce Religion


You were in a Gauntlet.
You worshipped Makhleb.
Makhleb was greatly pleased with you.
You visited 2 branches of the dungeon, and saw 13 of its levels.
You also visited: Ossuary and Gauntlet.

You collected 759 gold pieces.
You spent 270 gold pieces at shops.

Inventory:

Hand Weapons
 E - a +4 broad axe of freezing (weapon)
   (You bought it in a shop on level 10 of the Dungeon)
Armour
 g - a +0 helmet (worn)
   (You found it on level 3 of the Dungeon)
 m - a +0 pair of gloves
   (You found it on level 9 of the Dungeon)
 p - a cursed +0 pair of boots (worn)
   (You found it on level 9 of the Dungeon)
 s - a +3 plate armour (worn)
   (You took it off an orc warrior on level 9 of the Dungeon)
 B - a scarf of invisibility
   (You found it on level 10 of the Dungeon)
 C - a +0 kite shield (worn)
 G - a +1 cloak (worn)
   (You found it on level 12 of the Dungeon)
 I - the cursed +0 pair of gloves of Purempop (worn) {rF+}
   (You found it in a Gauntlet)

   It protects you from fire.
   It has a curse placed upon it.
Jewellery
 c - an uncursed ring of protection from cold
   (You found it on level 11 of the Dungeon)
 f - a ring of protection from fire (right hand)
   (You found it on level 11 of the Dungeon)
 j - an amulet of faith (around neck)
   (You found it on level 9 of the Dungeon)
 u - the ring "Geruloas" {rF+ Str-5 Dex+6 SInv Stlth-}
   (You found it in a Gauntlet)

   [ring of protection from fire]

   It affects your strength (-5).
   It affects your dexterity (+6).
   It protects you from fire.
   It lets you see invisible.
   It makes you less stealthy.
 v - a +4 ring of evasion (left hand)
   (You found it on level 4 of the Dungeon)
Wands
 o - a wand of paralysis (9)
   (You found it on level 5 of the Dungeon)
 A - a wand of iceblast (5)
   (You found it on level 10 of the Dungeon)
 F - a wand of digging (6)
   (You found it on level 7 of the Dungeon)
Scrolls
 a - a scroll of magic mapping
 n - 2 scrolls of immolation
 t - 10 scrolls of teleportation
 x - 2 scrolls of remove curse
 y - 2 scrolls of fear
 z - a scroll of blinking
 H - a scroll of fog
Potions
 b - 5 potions of mutation
 d - a potion of might
 e - 5 potions of curing
 h - a potion of flight
 i - 2 potions of magic
 k - a potion of cancellation
 l - 2 potions of lignification {unknown}
 q - a potion of ambrosia
 w - 2 potions of heal wounds
 D - a potion of degeneration {unknown}


   Skills:
 * Level 10.3 Fighting
 * Level 11.7 Axes
 + Level 9.0 Armour
 * Level 8.1 Dodging
 - Level 6.8 Shields
 + Level 8.8 Invocations
 + Level 6.3 Evocations


You had 11 spell levels left.
You didn't know any spells.
Your spell library was empty.

Dungeon Overview and Level Annotations

Branches:
Dungeon (12/15)            Temple (1/1) D:4            Lair (0/6) D:9
    Orc (0/2) D:9         Ossuary (visited)         Gauntlet (1/1)

Altars:
Ashenzari
Cheibriados
Dithmenos
Elyvilon
Fedhas
Gozag
Hepliaklqana
Makhleb
Okawaru
Qazlal
Ru
Sif Muna
Trog
Uskayaw
Vehumet
Wu Jian
Xom
Yredelemnul
Zin
The Shining One

Shops:
D:9 *   D:10 [(   D:11 **}([

Annotations:
D:6 3 runed translucent doors, p0werm0de's ghost, novice MiFi
D:7 1 runed translucent door, ma3's ghost, novice SpEE
D:9 2 runed translucent doors
D:11 3 exclusions Gauntlet 4 transporters


Innate Abilities, Weirdness & Mutations

You are resistant to damage.
You can heal yourself by infusing magical energy.
You passively map the area around you.
You do not regenerate.


Message History

The minotaur gores you but does no damage.
You feel much better.
The minotaur hits you with the +9 trident "Fotyst" {freeze, rC+ rN+ Str-4 Int+2}!
The minotaur freezes you. The minotaur barely misses you.
You block the minotaur's attack.
A demon appears!
The minotaur hits you from afar with the +9 trident "Fotyst" {freeze, rC+ rN+ Str-4 Int+2}!!
The minotaur freezes you.
A demon appears!
You can no longer summon a greater servant of Makhleb.
The minotaur hits you from afar with the +9 trident "Fotyst" {freeze, rC+ rN+ Str-4 Int+2}!!
* * * LOW HITPOINT WARNING * * *
The minotaur freezes you!
* * * LOW HITPOINT WARNING * * *
You swap places.
The minotaur throws a silver javelin.
The silver javelin pierces through your hellwing!!
The silver sears your hellwing!
Your hellwing dies!
The silver javelin pierces through you!!
You die...

* #8∩8# #).[# #8.8# *
#)H[#### 8,#8.8#.8###
, #...#.@..#
,#8.8#.4#.#
.#..##'##..#§#
#......(.H.(.(#
#.#.##.#.##.#(#
#.#....#(...#.#
###.#.#######.#.###
##≈...............≈##
#≈≈..8©8©8©8©8©8..≈≈#


You could see a minotaur and a friendly hellwing (summoned).

Vanquished Creatures
  Gastronok (D:9)
  A dire elephant (Gauntlet)
  A death ooze (Gauntlet)
  5 two-headed ogres
  A hell hog (Gauntlet)
  A wretched star (Gauntlet)
  2 unseen horrors
  An ugly thing (D:11)
  3 cyclopes
  Joseph (D:10)
  2 elephants (Gauntlet)
  A komodo dragon (D:9)
  Grinder (D:4)
  2 large abominations (Gauntlet)
  3 hippogriffs
  A wyvern (D:5)
  A shadow (D:11)
  2 humans (D:8)
  2 fire bats (Gauntlet)
  A neqoxec (Gauntlet)
  Menkaure (D:4)
  3 hell hounds (Gauntlet)
  8 orc warriors
  2 ice beasts
  A sky beast (D:5)
  4 black bears
  An eye of draining (D:11)
  2 necrophages
  A phantom (D:6)
  4 ogres
  A crocodile (D:12)
  7 centaurs
  A big kobold (D:10)
  7 bullfrogs
  An elf zombie (Ossuary)
  A wyvern skeleton (D:7)
  A scorpion (D:7)
  26 killer bees
  5 wights (D:7)
  3 bullfrog zombies
  A gnoll shaman (D:9)
  6 orc priests
  6 hounds
  6 orc wizards
  2 bullfrog skeletons
  A centaur skeleton (D:4)
  4 iguanas
  8 worker ants
  8 small abominations (Gauntlet)
  A big kobold zombie (Ossuary)
  2 hound zombies
  A hound skeleton (D:7)
  3 mummies
  2 howler monkey zombies
  2 worker ant zombies
  11 adders
  8 gnolls
  A howler monkey skeleton (D:7)
  3 shadow imps
  A white imp (D:5)
  3 ufetubi
  5 oozes
  An adder skeleton (D:6)
  An adder zombie (D:5)
  2 worms (D:4)
  2 dart slugs (D:1)
  7 leopard geckos
  28 orcs
  7 giant cockroaches
  2 gnoll zombies (Ossuary)
  2 goblins (D:1)
  3 hobgoblins
  17 jackals
  4 quokkas
  3 bats
  A frilled lizard (D:1)
  3 goblin zombies (Ossuary)
  6 hobgoblin zombies
  A jackal skeleton (D:4)
  10 kobolds
  A leopard gecko skeleton (D:4)
  3 orc zombies
  A quokka zombie (D:5)
  5 rats
308 creatures vanquished.

Vanquished Creatures (others)
  3 plants (D:9)
3 creatures vanquished.

Grand Total: 311 creatures vanquished

Notes
Turn   | Place    | Note
-------+----------+-------------------------------------------
     0 | D:1      | Flugslaktarn the Deep Dwarf Fighter began the quest for the
                  | Orb.
     0 | D:1      | Reached XP level 1. HP: 20/20 MP: 1/1
    35 | D:1      | Reached XP level 2. HP: 22/27 MP: 2/2
   172 | D:2      | Reached XP level 3. HP: 25/34 MP: 3/3
   215 | D:2      | Found a blossoming altar of Fedhas.
   296 | D:3      | Reached skill level 3 in Axes
   315 | D:3      | Found a broken altar of Ashenzari.
   446 | D:4      | Noticed Grinder
   450 | D:4      | Reached XP level 4. HP: 29/42 MP: 4/4
   469 | D:4      | Paralysed by Grinder for 5 turns
   478 | D:4      | Paralysed by Grinder for 2 turns
   483 | D:4      | Paralysed by Grinder for 4 turns
   511 | D:4      | Paralysed by Grinder for 6 turns
   524 | D:4      | Killed Grinder
   524 | D:4      | Reached skill level 4 in Axes
   524 | D:4      | Reached XP level 5. HP: 37/50 MP: 3/3
   524 | D:4      | Reached XP level 6. HP: 42/57 MP: 4/4
   623 | D:4      | Found a sand-covered staircase.
   636 | Ossuary  | Entered an ossuary
   688 | Ossuary  | Reached skill level 5 in Axes
   808 | D:4      | Reached XP level 7. HP: 44/66 MP: 5/5
   816 | D:4      | Noticed Menkaure
   838 | D:4      | Killed Menkaure
   838 | D:4      | Reached skill level 5 in Fighting
   881 | D:4      | Noticed a moth of wrath
   939 | D:4      | Found a staircase to the Ecumenical Temple.
   955 | Temple   | Entered the Ecumenical Temple
  1022 | Temple   | Became a worshipper of Makhleb the Destroyer
  1149 | D:4      | Found a basalt altar of Yredelemnul.
  1257 | D:4      | Found a bloodstained altar of Trog.
  1310 | D:5      | Entered Level 5 of the Dungeon
  1331 | D:5      | Found a glowing silver altar of Zin.
  1371 | D:5      | Found a stormy altar of Qazlal.
  1461 | D:5      | Reached skill level 5 in Armour
  1461 | D:5      | Reached skill level 5 in Shields
  1477 | D:5      | Reached skill level 1 in Invocations
  1553 | D:5      | Reached skill level 6 in Axes
  1558 | D:5      | Reached XP level 8. HP: 57/75 MP: 5/7
  2193 | D:6      | Reached * piety under Makhleb
  2246 | D:6      | Reached skill level 7 in Axes
  2398 | D:6      | Found a runed translucent gate.
  2399 | D:6      | Found a runed translucent gate.
  2400 | D:6      | Found a runed translucent gate.
  2401 | D:6      | Noticed p0werm0de's ghost (novice MiFi)
  2660 | D:7      | Gained mutation: You passively map the area around you.
                  | [Deep Dwarf growth]
  2660 | D:7      | Reached XP level 9. HP: 74/85 MP: 9/9
  2675 | D:7      | Found a runed translucent door.
  2675 | D:7      | Noticed ma3's ghost (novice SpEE)
  2816 | D:7      | Found a bloodstained altar of Trog.
  3042 | D:7      | Found an opulent altar of Gozag.
  3283 | D:7      | Reached ** piety under Makhleb
  3542 | D:7      | Reached skill level 8 in Axes
  3726 | D:8      | Found a broken altar of Ashenzari.
  3743 | D:8      | Found a shimmering altar of Xom.
  3833 | D:8      | Reached skill level 5 in Invocations
  3851 | D:8      | Found an iron altar of Okawaru.
  3956 | D:8      | Noticed a two-headed ogre
  3974 | D:8      | Killed a two-headed ogre
  3974 | D:8      | Reached skill level 9 in Axes
  3974 | D:8      | Reached XP level 10. HP: 63/96 MP: 11/11
  4469 | D:9      | Found a staircase to the Lair.
  4481 | D:9      | Reached skill level 1 in Evocations
  4483 | D:9      | Reached *** piety under Makhleb
  4710 | D:9      | Found a snail-covered altar of Cheibriados.
  4730 | D:9      | Noticed a fire dragon
  4731 | D:9      | Found a runed translucent door.
  4731 | D:9      | Noticed an ice dragon
  4732 | D:9      | Found the +2 shield of Resistance {rF++ rC++ MR++}
  4732 | D:9      | Noticed a fire dragon
  4768 | D:9      | Noticed an ice dragon
  4778 | D:9      | Found a runed translucent door.
  4877 | D:9      | Noticed Gastronok
  4911 | D:9      | Killed Gastronok
  4911 | D:9      | Reached skill level 10 in Axes
  4911 | D:9      | Reached XP level 11. HP: 72/104 MP: 11/13
  4928 | D:9      | Found a staircase to the Orcish Mines.
  4973 | D:9      | Found Yhul's Assorted Antiques.
  5047 | D:9      | Reached **** piety under Makhleb
  5127 | D:9      | Found a sacrificial altar of Ru.
  5241 | D:10     | Entered Level 10 of the Dungeon
  5475 | D:10     | Noticed Joseph
  5483 | D:10     | Reached skill level 5 in Dodging
  5517 | D:10     | Killed Joseph
  5562 | D:10     | Noticed a two-headed ogre
  5575 | D:10     | Killed a two-headed ogre
  5649 | D:10     | Found Ydaegh's Antique Armour Shop.
  5722 | D:10     | Found a broken altar of Ashenzari.
  6068 | D:10     | Noticed a two-headed ogre
  6081 | D:10     | Killed a two-headed ogre
  6111 | D:10     | Noticed a two-headed ogre
  6121 | D:10     | Killed a two-headed ogre
  6150 | D:10     | Found Wiudafum's Antique Weapon Boutique.
  6155 | D:10     | Bought a glowing broad axe for 245 gold pieces
  6368 | D:11     | Found Weiqih's Gadget Emporium.
  6390 | D:11     | Noticed a two-headed ogre
  6401 | D:11     | Killed a two-headed ogre
  6411 | D:11     | Noticed a cyan ugly thing
  6422 | D:11     | Killed a cyan ugly thing
  6440 | D:11     | Found Ukki's Assorted Antiques.
  6441 | D:11     | Found Reistug's Assorted Antiques.
  6445 | D:11     | Bought a scroll labeled ZARETREOGH for 25 gold pieces
  6489 | D:11     | Killed an unseen horror
  6652 | D:11     | Found Teklaem's Weapon Emporium.
  6657 | D:11     | Reached skill level 5 in Evocations
  6678 | D:11     | Found Mutajyoj's Antique Armour Emporium.
  6683 | D:11     | Reached skill level 11 in Axes
  6953 | D:11     | Found a shimmering blue altar of Sif Muna.
  7012 | D:12     | Killed an unseen horror
  7061 | D:12     | Found a shadowy altar of Dithmenos.
  7071 | D:12     | Reached ***** piety under Makhleb
  7071 | D:12     | Reached XP level 12. HP: 92/116 MP: 14/14
  7096 | D:12     | Found a gate leading to a gauntlet.
  7124 | Gauntlet | Entered a Gauntlet
  7124 | Gauntlet | Found a transporter.
  7133 | Gauntlet | Found a transporter.
  7136 | Gauntlet | Found a transporter.
  7137 | Gauntlet | Found a transporter.
  7148 | Gauntlet | Found a transporter.
  7148 | Gauntlet | Found a transporter.
  7149 | Gauntlet | Found a transporter.
  7153 | Gauntlet | Noticed a death ooze
  7157 | Gauntlet | Found a transporter.
  7160 | Gauntlet | Found a transporter.
  7161 | Gauntlet | Found a transporter.
  7163 | Gauntlet | Noticed a dire elephant
  7169 | Gauntlet | Found a transporter.
  7172 | Gauntlet | Found a transporter.
  7173 | Gauntlet | Found a transporter.
  7178 | Gauntlet | Noticed a hell hog
  7182 | Gauntlet | Found a transporter.
  7314 | Gauntlet | Killed a death ooze
  7314 | Gauntlet | Reached skill level 10 in Fighting
  7358 | Gauntlet | Got a pair of distressingly furry gloves
  7374 | Gauntlet | Identified the cursed +0 pair of gloves of Purempop {rF+}
                  | (You found it in a Gauntlet)
  7408 | Gauntlet | Killed a dire elephant
  7447 | Gauntlet | Killed a hell hog
  7455 | Gauntlet | Got a steaming amber ring
  7456 | Gauntlet | Identified the ring "Geruloas" {rF+ Str-5 Dex+6 SInv
                  | Stlth-} (You found it in a Gauntlet)
  7469 | Gauntlet | Identified the +9 trident "Fotyst" {freeze, rC+ rN+ Str-4
                  | Int+2}
  7469 | Gauntlet | Noticed a minotaur
  7527 | Gauntlet | Hit by a silver javelin thrown by a minotaur

Illustrated notes

Levels and vault maps discovered:
D:1:      sevenhm_arrival_forest_fort_large_4, layout_loops_cross
D:2:      layout_basic, nemelex_xobeh_ov_fountains_minmay, fedhas_altar_3
D:3:      cheibrodos_greedy_goblins, layout_loops_corners, lemuel_doored_altar,
          lemuel_crystal_altar, portal_sewer_entry_d
D:4:      layout_rooms, lemuel_coloured_pillars_altar,
          minmay_temple_entry_steel_oval, nicolae_ossuary_entry_giza,
          chequers_serial_rivers_small_b, tgw_trog, uniq_grinder, uniq_menkaure
D:5:      layout_basic, nicolae_qazlal_general_emergency, kennysheep_mini_moat
D:6:      layout_cave_pools, ebering_ghost_rock_garden
D:7:      layout_basic, overflow_temple_1_default, serial_corexii_hall,
          corexii_hall_statues_u, corexii_hall_statues_x, gammafunk_ghost_grave,
          basic_altar, skrybe_limestone_x
D:8:      layout_loops_ring, okawaru_humans, basic_altar, xom_confusion_cloud
D:9:      layout_roguey, nicolae_ru_path_of_blood, kennysheep_mini,
          david_lair_shrubbed, david_orc_4, serial_shops,
          nicolae_shop_overgrown_old_shop, minmay_guarded_unrand_resistance,
          uniq_gastronok
D:10:     layout_roguey, serial_shops, shop, kennysheep_little_box,
          lemuel_centaur_altar, uniq_joseph
D:11:     layout_rooms, serial_shops, shop, shop, nicolae_shop_crystal,
          nicolae_shop_stone, nicolae_shop_waterfront, corner_web_ring,
          corexii_corridor_pit, kennysheep_crisscross,
          kennysheep_cross_bottleneck, tgw_sif
D:12:     layout_irregular_city, basic_altar, portal_ice_cave_entry_pillars_2,
          gauntlet_entry_generic, minmay_beelzebubs_servants, uniq_fannar
Temple:   jpeg_temple_alley_garden
Gauntlet: gammafunk_gauntlet_77_escape_option [minmay_gauntlet_arena_77_braids,
          minmay_gauntlet_arena_77_double_cross,
          minmay_gauntlet_arena_77_mirror, minmay_gauntlet_arena_77_two_lines,
          minmay_gauntlet_arena_77_mess, nicolae_gauntlet_exit_dead_adventurers]

Skill      XL: |  1  2  3  4  5  6  7  8  9 10 11 12 |
---------------+-------------------------------------+-----
Fighting       | 3 4 5 6 7 8 9 10 | 10.3
Axes           | 3 4 5 6 7 9 10 11 | 11.7
Armour         | 4 5 6 7 8 9 |  9.0
Shields        | 4 5 6 |  6.8
Invocations    | 1 3 5 6 8 |  8.8
Dodging        | 2 4 7 8 |  8.1
Evocations     | 3 5 6 |  6.3

Action                   |  1- 3 |  4- 6 |  7- 9 | 10-12 || total
-------------------------+-------+-------+-------+-------++-------
Melee: War axe           |    87 |   132 |   526 |   405 ||  1150
       Broad axe         |       |       |       |   195 ||   195
Invok: Lesser Servant of |       |       |       |     5 ||     5
 Abil: Heal Wounds       |       |     7 |    17 |    25 ||    49
Evoke: Wand              |       |       |     1 |     4 ||     5
  Use: Scroll            |       |       |     8 |     9 ||    17
       Potion            |       |       |       |     2 ||     2
 Stab: Paralysed         |       |       |     6 |       ||     6
       Confused          |       |       |     1 |       ||     1
Armor: Scale mail        |    39 |    66 |     5 |       ||   110
       Chain mail        |       |       |   277 |    28 ||   305
       Plate armour      |       |       |       |   321 ||   321
Dodge: Dodged            |    26 |    45 |   187 |   343 ||   601
Block: Kite shield       |    47 |    80 |   319 |   428 ||   874

Table legend: (Time is in decaauts)
 A = Elapsed time spent in this place.
 B = Non-inter-level travel time spent in this place.
 C = Inter-level travel time spent in this place.
 D = Time resting spent in this place.
 E = Time spent auto-exploring this place.
 F = Levels seen in this place.
 G = Mean time per level.
                   A        B        C        D        E       F      G
               +--------+--------+--------+--------+--------+-----+--------+
         Total |   7808 |   7531 |    277 |    229 |   4676 |  15 |  520.5 |
       Dungeon |   7157 |   6904 |    253 |    229 |   4443 |  12 |  596.4 |
        Temple |     92 |     68 |     24 |      0 |     61 |   1 |   92.0 |
       Ossuary |    146 |    146 |      0 |      0 |     42 |   1 |  146.0 |
      Gauntlet |    411 |    411 |      0 |      0 |    130 |   1 |  411.0 |
               +--------+--------+--------+--------+--------+-----+--------+

Top non-repeatable levels by time:
    D:10: 1144 daAuts
     D:7: 1085 daAuts
     D:9: 999 daAuts
     D:5: 846 daAuts
     D:4: 689 daAuts
     D:8: 649 daAuts
    D:11: 636 daAuts
     D:6: 485 daAuts
Gauntlet: 411 daAuts
     D:3: 169 daAuts
     D:1: 162 daAuts
     D:2: 153 daAuts
 Ossuary: 146 daAuts
    D:12: 135 daAuts
  Temple: 92 daAuts
